[Event "ICC tourney 2877 (40 10)"]
[Site "Internet Chess Club"]
[Date "2022.04.09"]
[Round "4"]
[White "Lin, James:MeLikeGame"]
[Black "GOVILKAR, SIDDHARTHA:siddgovilkar"]
[Result "0-1"]
[ICCResult "White checkmated"]
[WhiteElo "1374"]
[BlackElo "1083"]
[Opening "Sicilian: Grand Prix attack"]
[ECO "B23"]
[NIC "SI.44"]
[Time "17:45:17"]
[PlyCount "126"]
[TimeControl "2400+10"]

1. e4 c5 2. Nc3 Nc6 3. f4 e6 4. Bb5 d5 5. exd5 exd5 6. Bxc6+ bxc6 7. Nf3 Nf6
8. O-O Bd6 9. d4 cxd4 10. Nxd4 Qb6 11. Re1+ Be7 12. Be3 Qxb2 13. Qd2 O-O 14.
Nxc6 Bb4 15. Nxb4 Qxb4 16. Nxd5 Qxd2 17. Nxf6+ gxf6 18. Bxd2 Be6 19. Bb4
Rfc8 20. Rec1 Rc4 21. Bd2 Rac8 22. c3 a5 23. Rab1 Ra4 24. Rc2 Bf5 25. Rbb2
Bxc2 26. Rxc2 Rac4 27. Kf2 Kg7 28. f5 a4 29. Kf3 R8c5 30. g4 h5 31. h3 Rd5
32. Be3 Rd3 33. Ke2 Rdxc3 34. Rxc3 Rxc3 35. gxh5 Ra3 36. Kd2 Rxa2+ 37. Kd3
Rh2 38. Ke4 Rxh3 39. h6+ Kh7 40. Bd4 a3 41. Bxf6 Rxh6 42. Bg5 a2 43. Bxh6
a1=Q 44. Bf4 Qa4+ 45. Ke5 f6+ 46. Kxf6 Qxf4 47. Ke6 Kg8 48. f6 Kf8 49. f7
Qxf7+ 50. Kd6 Ke8 51. Kc6 Kd8 52. Kd6 Qd7+ 53. Ke5 Ke7 54. Ke4 Qd6 55. Kf5
Qe6+ 56. Kf4 Kf6 57. Kf3 Qe5 58. Kg4 Qf5+ 59. Kg3 Ke5 60. Kh4 Qg6 61. Kh3
Kf4 62. Kh2 Kf3 63. Kh1 Qg2# {White checkmated} 0-1

[Event "ICC tourney 2877 (40 10)"]
[Site "Internet Chess Club"]
[Date "2022.04.09"]
[Round "4"]
[White "WENG, JOHNSON:K01-30136161"]
[Black "ASHOK, AMUDHAN:amudhanashok"]
[Result "1-0"]
[ICCResult "Black resigns"]
[WhiteElo "1105"]
[BlackElo "1006"]
[Opening "Giuoco Piano"]
[ECO "C54"]
[NIC "IG.02"]
[Time "17:45:21"]
[PlyCount "65"]
[TimeControl "2400+10"]

1. e4 e5 2. Nf3 Nc6 3. Bc4 Bc5 4. c3 Nf6 5. d3 d6 6. b4 Bb6 7. h3 h6 8. a4
a6 9. a5 Ba7 10. O-O O-O 11. Re1 Ne7 12. Be3 b6 13. axb6 cxb6 14. Nbd2 Bb7
15. Bxa6 Bxa6 16. Rxa6 Qc7 17. Qb3 b5 18. Rea1 Bxe3 19. Rxa8 Bxf2+ 20. Kxf2
Qb6+ 21. Kf1 Rxa8 22. Rxa8+ Kh7 23. Ke2 Ng6 24. g3 Nh5 25. Qxf7 Nxg3+ 26.
Kd1 Nf4 27. Qa7 Qc6 28. Qa3 Nxd3 29. Ra6 Qd7 30. c4 bxc4 31. Nxc4 Qxh3 32.
Qxd3 Qh1+ 33. Ne1 {Black resigns} 1-0

[Event "ICC tourney 2877 (40 10)"]
[Site "Internet Chess Club"]
[Date "2022.04.09"]
[Round "4"]
[White "ALLARD, NATALIYA:PlayWellHaveFun"]
[Black "LAIDO, MATTHEW:Dabao"]
[Result "0-1"]
[ICCResult "White resigns"]
[WhiteElo "1328"]
[BlackElo "1095"]
[Opening "Queen's gambit declined"]
[ECO "D30"]
[NIC "QP.08"]
[Time "17:45:34"]
[PlyCount "46"]
[TimeControl "2400+10"]

1. d4 d5 2. c4 e6 3. e3 c5 4. cxd5 exd5 5. dxc5 Bxc5 6. Bb5+ Nc6 7. h3 Nf6
8. Nf3 O-O 9. O-O Qb6 10. Bd3 Re8 11. b3 Nb4 12. Bb2 Nxd3 13. Qxd3 Be6 14.
Nc3 Bd7 15. Nxd5 Nxd5 16. Qxd5 Rad8 17. Qg5 f6 18. Qf4 Bc6 19. Rfd1 Re4 20.
Rd2 Rxf4 21. Rxd8+ Qxd8 22. exf4 Bxf3 23. gxf3 Qd2 {White resigns} 0-1

[Event "ICC tourney 2877 (40 10)"]
[Site "Internet Chess Club"]
[Date "2022.04.09"]
[Round "4"]
[White "STINSON, RUSSELL:rcstinson"]
[Black "GUO, MAX:salamenceg"]
[Result "1-0"]
[ICCResult "Black resigns"]
[WhiteElo "1400"]
[BlackElo "1188"]
[Opening "Vienna game, Max Lange defense"]
[ECO "C25"]
[NIC "VG.04"]
[Time "17:45:16"]
[PlyCount "69"]
[TimeControl "2400+10"]

1. e4 e5 2. Nc3 Nc6 3. Bc4 Bc5 4. Qg4 Qf6 5. Nd5 Qxf2+ 6. Kd1 Na5 7. Nh3 Qd4
8. Qxg7 d6 9. Qxh8 Bg4+ 10. Be2 Bxe2+ 11. Kxe2 Qxe4+ 12. Ne3 O-O-O 13. Ng5
Qg6 14. Qxh7 Qxg5 15. Qh3+ Kb8 16. d3 Ne7 17. Nc4 Qf6 18. Rf1 Qg6 19. Nxa5
Nd5 20. Qg3 Qh5+ 21. Qf3 Qxh2 22. Qxd5 c6 23. Qf3 Rg8 24. Be3 Bxe3 25. Qxe3
Rxg2+ 26. Rf2 Qh5+ 27. Qf3 Rxf2+ 28. Kxf2 Qh2+ 29. Ke3 f5 30. Qxf5 Qg3+ 31.
Qf3 Qg5+ 32. Ke2 e4 33. Qf8+ Kc7 34. Qf7+ Kd8 35. Nxb7+ {Black resigns} 1-0

[Event "ICC tourney 2877 (40 10)"]
[Site "Internet Chess Club"]
[Date "2022.04.09"]
[Round "4"]
[White "SATHYAN, TEJESH MAYURAN:tjsathyan"]
[Black "Kale, Shubham:shubham07"]
[Result "1-0"]
[ICCResult "Black checkmated"]
[WhiteElo "1219"]
[BlackElo "1411"]
[Opening "Robatsch defense: two knights variation"]
[ECO "B06"]
[NIC "KF.05"]
[Time "17:45:32"]
[PlyCount "127"]
[TimeControl "2400+10"]

1. e4 g6 2. d4 Bg7 3. Nf3 d6 4. Nc3 a6 5. a4 Nd7 6. Be2 c5 7. Be3 cxd4 8.
Nxd4 Ngf6 9. O-O O-O 10. Nb3 Qc7 11. Qd2 b6 12. Bh6 Bb7 13. Bxg7 Kxg7 14. f3
Nc5 15. Nc1 Rfd8 16. Nd3 Nxd3 17. Bxd3 d5 18. Qe2 d4 19. Na2 e5 20. Rac1 Qd7
21. b3 Nh5 22. Qf2 Nf4 23. Qd2 Nxd3 24. cxd3 a5 25. Rc2 Rac8 26. Rfc1 Rxc2
27. Rxc2 Rc8 28. Qc1 Ba6 29. Rxc8 Qxc8 30. Qxc8 Bxc8 31. Kf2 f5 32. Nc1 Kf6
33. Ne2 Be6 34. Nc1 Ke7 35. Ke2 Kd6 36. Kd2 Kc5 37. Kc2 Kb4 38. Kb2 Bxb3 39.
Nxb3 Kxa4 40. g3 Kb4 41. f4 fxe4 42. dxe4 exf4 43. gxf4 a4 44. Nxd4 Kc4 45.
Ne6 b5 46. Ng5 b4 47. e5 a3+ 48. Ka2 Kc3 49. Ne4+ Kc4 50. e6 b3+ 51. Kxa3
Kd3 52. Kxb3 Kxe4 53. e7 Kxf4 54. e8=Q h5 55. Qxg6 h4 56. h3 Kf3 57. Qg4+
Kf2 58. Qxh4+ Kg2 59. Qg4+ Kh2 60. h4 Kh1 61. h5 Kh2 62. h6 Kh1 63. h7 Kh2
64. h8=Q# {Black checkmated} 1-0

[Event "ICC tourney 2877 (40 10)"]
[Site "Internet Chess Club"]
[Date "2022.04.09"]
[Round "4"]
[White "Chen, Angelique Lee:oklahoo"]
[Black "HAMLETT, JAMES MORRISON:Hamlett144"]
[Result "0-1"]
[ICCResult "White checkmated"]
[WhiteElo "884"]
[BlackElo "1254"]
[Opening "French: Steinitz variation"]
[ECO "C11"]
[NIC "FR.04"]
[Time "17:46:08"]
[PlyCount "144"]
[TimeControl "2400+10"]

1. e4 e6 2. d4 d5 3. Nc3 Nf6 4. e5 Nfd7 5. Nf3 c5 6. Be3 Nc6 7. Be2 cxd4 8.
Nxd4 Ncxe5 9. Bf4 Ng6 10. Bg3 Bc5 11. Ndb5 Bb6 12. Na4 Nde5 13. Nxb6 Qxb6
14. Rb1 Bd7 15. Nd4 O-O 16. O-O Nc6 17. Nf3 Nce7 18. Ne5 Nxe5 19. Bxe5 Bc6
20. Bd4 Qc7 21. f4 Nf5 22. Be5 Qb6+ 23. Rf2 d4 24. Bd3 Ne3 25. Qh5 g6 26.
Qh6 f6 27. Bxg6 hxg6 28. Qxg6+ Kh8 29. Bd6 Nxg2 30. b4 Be4 31. Qh6+ Kg8 32.
Rb3 Qxd6 33. Rg3+ Kf7 34. Qg7+ Ke8 35. Re2 f5 36. Rg6 Nxf4 37. Rxe4 Nxg6 38.
Qxg6+ Kd7 39. Qg7+ Qe7 40. Rxd4+ Ke8 41. Qg6+ Qf7 42. Qh6 Rg8+ 43. Kf1 Rd8
44. Rc4 Qg6 45. Qe3 Rd1+ 46. Ke2 Qh5+ 47. Qf3 Qxf3+ 48. Kxf3 Kd7 49. Rh4 Rg7
50. Rc4 Ra1 51. Rd4+ Ke7 52. Rc4 Rxa2 53. Rc7+ Kf6 54. Rc4 e5 55. h3 Ra3+
56. c3 f4 57. Ke4 Ra6 58. Rc5 Re6 59. Ra5 b6 60. Ra3 Rh7 61. h4 Ree7 62. c4
Rxh4 63. Rf3 Rd7 64. Rf1 Rd4+ 65. Kf3 e4+ 66. Kf2 Rxc4 67. Rb1 Rc2+ 68. Kg1
Kg5 69. b5 Kg4 70. Rb4 e3 71. Re4 Kf3 72. Re5 Rc1# {White checkmated} 0-1

[Event "ICC tourney 2877 (40 10)"]
[Site "Internet Chess Club"]
[Date "2022.04.09"]
[Round "4"]
[White "Bharathy Mohan, Aarav Sai:aaravbm"]
[Black "QIAO, RICHARDSON JINGSI:Richardsonqiao"]
[Result "1/2-1/2"]
[ICCResult "Game drawn by repetition"]
[WhiteElo "1004"]
[BlackElo "572"]
[Opening "Giuoco Piano: four knights variation"]
[ECO "C50"]
[NIC "IG.02"]
[Time "17:45:40"]
[PlyCount "99"]
[TimeControl "2400+10"]

1. e4 e5 2. Nf3 Nc6 3. Bc4 Bc5 4. Nc3 Nf6 5. O-O O-O 6. d3 h6 7. h3 d6 8.
Re1 Na5 9. Bb3 Nxb3 10. axb3 Be6 11. Bd2 c6 12. Na4 Bb6 13. Nxb6 axb6 14.
Rxa8 Qxa8 15. b4 Qa2 16. Qa1 Ra8 17. Qxa2 Rxa2 18. Rb1 c5 19. bxc5 bxc5 20.
Bc3 c4 21. Kf1 Nh5 22. Ng1 Nf4 23. Ne2 cxd3 24. Nxf4 dxc2 25. Rc1 exf4 26.
Rxc2 g5 27. Rc1 d5 28. exd5 Bxd5 29. Rd1 Bc4+ 30. Kg1 Kh7 31. Rd7 b5 32. Rd8
Kg6 33. Rg8+ Kf5 34. Rh8 Ra6 35. Re8 Re6 36. Rd8 Re2 37. Rd6 h5 38. Rh6 h4
39. f3 Re6 40. Rh8 Re2 41. Rh6 Re6 42. Rh8 f6 43. Rf8 Rd6 44. Kh2 Kg6 45.
Kg1 Rd1+ 46. Kh2 Rd6 47. Kg1 Rd1+ 48. Kh2 Rd6 49. Kg1 Rd1+ 50. Kh2
{Game drawn by repetition}
1/2-1/2

[Event "ICC tourney 2877 (40 10)"]
[Site "Internet Chess Club"]
[Date "2022.04.09"]
[Round "4"]
[White "THAPER, RISHUBH:MajorKey"]
[Black "Yang, Daniel Benji:DanielYang99"]
[Result "1-0"]
[ICCResult "Black checkmated"]
[WhiteElo "1145"]
[BlackElo "1405"]
[Opening "QGD: Marshall defense"]
[ECO "D06"]
[NIC "QP.08"]
[Time "17:45:33"]
[PlyCount "89"]
[TimeControl "2400+10"]

1. d4 d5 2. c4 Nf6 3. cxd5 Nxd5 4. e4 Nf6 5. Nc3 g6 6. Be3 Bg7 7. Be2 O-O 8.
Qd2 Re8 9. O-O-O e6 10. h4 Nc6 11. h5 Qe7 12. hxg6 fxg6 13. e5 Nd5 14. Nxd5
exd5 15. Bg5 Qf8 16. f4 a5 17. Qe1 a4 18. Qh4 h5 19. g4 a3 20. b3 Nxd4 21.
Rxd4 Qc5+ 22. Rc4 dxc4 23. Bxc4+ Kh8 24. gxh5 Qe3+ 25. Kc2 Bf5+ 26. Kd1 Qd4+
27. Ke2 Be6 28. hxg6+ Kg8 29. Qh7+ Kf8 30. Qh8+ Bxh8 31. Rxh8+ Kg7 32. Rh7+
Kxg6 33. Bd3+ Bf5 34. Rh6+ Kg7 35. Bxf5 Qxg1 36. Rg6+ Kf7 37. Rf6+ Kg7 38.
Rg6+ Kh7 39. Rf6+ Kg8 40. Rg6+ Kf7 41. Rf6+ Kg7 42. Rg6+ Kh8 43. Bf6+ Kh7
44. Rxg1+ Kh6 45. Rh1# {Black checkmated} 1-0

[Event "ICC tourney 2877 (40 10)"]
[Site "Internet Chess Club"]
[Date "2022.04.09"]
[Round "4"]
[White "JAIN, PARINYA:StockAlpha2020"]
[Black "ANGEL, BORYS:BArkadia"]
[Result "1/2-1/2"]
[ICCResult "Game drawn by repetition"]
[WhiteElo "1415"]
[BlackElo "1399"]
[Opening "Two knights defense (Modern bishop's opening)"]
[ECO "C55"]
[NIC "IG.01"]
[Time "17:45:30"]
[PlyCount "88"]
[TimeControl "2400+10"]

1. e4 e5 2. Nf3 Nc6 3. Bc4 Nf6 4. d3 h6 5. c3 d5 6. exd5 Nxd5 7. Bb5 Qf6 8.
h3 Bd6 9. O-O O-O 10. Nbd2 Be7 11. Ne4 Qg6 12. Ng3 Nf4 13. Bxc6 bxc6 14.
Nxe5 Qf6 15. Bxf4 Qxf4 16. Nxc6 Bd6 17. Qf3 Qxf3 18. gxf3 Bxh3 19. Rfe1 Rfe8
20. Re4 Bd7 21. Nd4 g6 22. Rae1 Reb8 23. b3 c5 24. Nc2 Bc6 25. R4e3 Bf4 26.
Re7 Bxf3 27. Ne4 h5 28. Ne3 Kf8 29. Nd5 h4 30. Nef6 Bd6 31. Nd7+ Kg7 32.
Nxb8 h3 33. R7e5 Rxb8 34. Nf4 Rh8 35. Kh2 Kf6 36. d4 cxd4 37. cxd4 g5 38.
Nd3 g4 39. Nf4 Bxe5 40. Rxe5 Rd8 41. Nh5+ Kg6 42. Nf4+ Kf6 43. Nh5+ Kg6 44.
Nf4+ Kf6 {Game drawn by repetition} 1/2-1/2

[Event "ICC tourney 2877 (40 10)"]
[Site "Internet Chess Club"]
[Date "2022.04.09"]
[Round "4"]
[White "POWERS, BARNEY:Barnstorm"]
[Black "KODARAPU, NEEV:onix007"]
[Result "1-0"]
[ICCResult "Black checkmated"]
[WhiteElo "1019"]
[BlackElo "1155"]
[Opening "Réti opening"]
[ECO "A04"]
[NIC "QP.11"]
[Time "17:45:35"]
[PlyCount "139"]
[TimeControl "2400+10"]

1. Nf3 e6 2. g3 d5 3. Bg2 Nf6 4. O-O Bd6 5. d3 c5 6. e4 dxe4 7. dxe4 Nxe4 8.
Re1 Nf6 9. Ne5 Nbd7 10. Qxd6 Qa5 11. Bd2 Qb5 12. b3 a5 13. c4 Qa6 14. Qxa6
Rxa6 15. Na3 O-O 16. Nb5 Nxe5 17. Rxe5 a4 18. bxa4 Rxa4 19. Nd6 b6 20. Nxc8
Rxc8 21. Bf1 Rca8 22. Bg2 R8a6 23. Bf1 Rxa2 24. Rxa2 Rxa2 25. Be3 Ra1 26.
Kg2 Ng4 27. Re4 Nxh2 28. Kxh2 Rxf1 29. Kg2 Ra1 30. Bf4 Ra4 31. f3 Kf8 32.
Bd6+ Kg8 33. Kh3 Ra3 34. f4 Ra4 35. Kg4 b5 36. Bxc5 Rxc4 37. Rxc4 bxc4 38.
Bd4 c3 39. Bxc3 h6 40. Kh4 Kh7 41. Kg4 Kg6 42. Bb2 f6 43. Bc3 h5+ 44. Kh4 f5
45. Be5 Kh6 46. Bd6 g6 47. Be7 Kg7 48. Kg5 Kf7 49. Bf6 e5 50. Bxe5 Kg8 51.
Kxg6 h4 52. gxh4 Kf8 53. Kxf5 Kf7 54. Kg5 Kg8 55. Kg6 Kf8 56. h5 Ke7 57. h6
Ke6 58. h7 Kd5 59. h8=Q Kc4 60. Qd8 Kc5 61. Qd6+ Kc4 62. Qd4+ Kb5 63. Qc3
Kb6 64. Kf6 Kb5 65. Ke6 Kb6 66. Kd6 Kb5 67. Kc7 Ka4 68. Qb2 Ka5 69. Bc3+ Ka4
70. Qb4# {Black checkmated} 1-0

[Event "ICC tourney 2877 (40 10)"]
[Site "Internet Chess Club"]
[Date "2022.04.09"]
[Round "4"]
[White "SRIPADA, ANISHA:waterycargo"]
[Black "SAUL, BRUCE H:Bdevil81"]
[Result "0-1"]
[ICCResult "White forfeits on time"]
[WhiteElo "1251"]
[BlackElo "1216"]
[Opening "Queen's pawn, Mason variation"]
[ECO "D00"]
[NIC "QP.08"]
[Time "17:46:12"]
[PlyCount "160"]
[TimeControl "2400+10"]

1. d4 d5 2. Bf4 Nf6 3. e3 Bf5 4. c4 c6 5. Nc3 e6 6. Qb3 Qb6 7. c5 Qxb3 8.
axb3 Be7 9. Bxb8 Rxb8 10. Rxa7 O-O 11. Be2 h6 12. Nf3 Nd7 13. O-O f6 14.
Rfa1 Rfd8 15. Nd2 g5 16. h3 e5 17. Bg4 Bc2 18. Na2 f5 19. Bd1 Bd3 20. Nb4
Bb5 21. Bc2 e4 22. f3 Nf6 23. fxe4 dxe4 24. Kf2 Kf8 25. Bd1 b6 26. Be2 bxc5
27. Bxb5 cxb4 28. Bxc6 Rbc8 29. R7a6 Rd6 30. Rc1 Nd5 31. Ra8 Rxa8 32. Bxa8
Nb6 33. Bb7 Rd7 34. Bc8 Nxc8 35. Rxc8+ Kf7 36. Nc4 Bd6 37. Nxd6+ Rxd6 38.
Rc4 Rb6 39. Ke2 Ke6 40. g3 h5 41. Rc8 Ra6 42. Rc7 Ra2 43. Rc2 Kd5 44. Rc5+
Ke6 45. Rc2 Kd5 46. Kd1 Ra1+ 47. Kd2 Rg1 48. Rc5+ Ke6 49. Rc6+ Kd5 50. Rh6
Rxg3 51. Rxh5 Rg2+ 52. Kc1 Rg1+ 53. Kc2 Rg2+ 54. Kb1 Ke6 55. Rh6+ Kd5 56.
Rb6 f4 57. Rb5+ Kd6 58. Rb6+ Kc7 59. Re6 f3 60. Re7+ Kd6 61. Rf7 f2 62. Ka2
Rh2 63. Rf6+ Ke7 64. Rf5 Rxh3 65. Rxf2 Rxe3 66. Rf5 g4 67. Rg5 g3 68. Kb1
Kf6 69. Rg8 Rf3 70. Rg4 Kf5 71. Rg8 Kf4 72. d5 Rd3 73. d6 Rxd6 74. Rg7 Kf3
75. Rf7+ Kg4 76. Rg7+ Kf3 77. Rg8 g2 78. Ka2 Rf6 79. Rg7 Kf2 80. Rg5 Rf3
{White forfeits on time}
0-1

[Event "ICC tourney 2877 (40 10)"]
[Site "Internet Chess Club"]
[Date "2022.04.09"]
[Round "5"]
[White "ASHOK, AMUDHAN:amudhanashok"]
[Black "ZHAO, DANSON:K01-30127679"]
[Result "1/2-1/2"]
[ICCResult "Game drawn by mutual agreement"]
[WhiteElo "1006"]
[BlackElo "1234"]
[Opening "Queen's pawn, Mason variation"]
[ECO "D00"]
[NIC "QP.08"]
[Time "20:01:13"]
[PlyCount "69"]
[TimeControl "2400+10"]

1. d4 d5 2. Bf4 Bf5 3. Nc3 e6 4. a3 a6 5. Nf3 Nc6 6. e3 Nf6 7. Bd3 Bxd3 8.
Qxd3 Bd6 9. Bg3 Bxg3 10. hxg3 Qd6 11. O-O-O O-O-O 12. Rhe1 Rhe8 13. Kb1 e5
14. dxe5 Nxe5 15. Nxe5 Qxe5 16. f3 Qxg3 17. Rg1 Qe5 18. Rge1 Kb8 19. f4 Qe6
20. g3 Ne4 21. Nxe4 Qxe4 22. Qc3 f6 23. Rd4 Qe6 24. Qd3 Qh3 25. e4 Qe6 26.
Re3 c6 27. e5 h6 28. Qg6 Qd7 29. Rdd3 fxe5 30. fxe5 Re6 31. Qg4 Qe7 32. Qf4
Re8 33. Rd1 Ka8 34. Rde1 Rf8 35. Qg4 {Game drawn by mutual agreement}
1/2-1/2

[Event "ICC tourney 2877 (40 10)"]
[Site "Internet Chess Club"]
[Date "2022.04.09"]
[Round "5"]
[White "Luo, Leon:leonluo"]
[Black "SATHYAN, TEJESH MAYURAN:tjsathyan"]
[Result "0-1"]
[ICCResult "White resigns"]
[WhiteElo "1203"]
[BlackElo "1219"]
[Opening "Sicilian: Pelikan (Lasker/Sveshnikov) variation"]
[ECO "B33"]
[NIC "SI.35"]
[Time "20:01:03"]
[PlyCount "58"]
[TimeControl "2400+10"]

1. e4 c5 2. Nf3 Nc6 3. d4 cxd4 4. Nxd4 Nf6 5. Nc3 e5 6. Ndb5 d6 7. Nd5 Nxd5
8. exd5 Nb8 9. Be3 a6 10. Nc3 Be7 11. Bc4 O-O 12. O-O f5 13. f4 Bf6 14. Qe2
Re8 15. Qf2 Nd7 16. Rae1 Bh4 17. g3 Bf6 18. Qg2 b5 19. Bb3 Re7 20. Qh3 g6
21. fxe5 Nxe5 22. Bf4 Nf3+ 23. Rxf3 Rxe1+ 24. Kf2 Re8 25. Be3 f4 26. Qg2
fxe3+ 27. Ke1 Bxc3+ 28. bxc3 Qa5 29. Qe2 Bg4 {White resigns} 0-1

[Event "ICC tourney 2877 (40 10)"]
[Site "Internet Chess Club"]
[Date "2022.04.09"]
[Round "5"]
[White "Yang, Daniel Benji:DanielYang99"]
[Black "GUO, MAX:salamenceg"]
[Result "1-0"]
[ICCResult "Black resigns"]
[WhiteElo "1405"]
[BlackElo "1188"]
[Opening "Grünfeld with Bf4 & e3"]
[ECO "D93"]
[NIC "GI.07"]
[Time "20:01:00"]
[PlyCount "67"]
[TimeControl "2400+10"]

1. d4 Nf6 2. c4 g6 3. Nc3 d5 4. Nf3 Bg7 5. Bf4 O-O 6. e3 c5 7. Be2 Qb6 8.
Qc2 Bf5 9. Qc1 Rd8 10. O-O dxc4 11. Bxc4 cxd4 12. exd4 Ne4 13. Re1 Nxf2 14.
Kxf2 Bxd4+ 15. Be3 Nc6 16. Nxd4 Nxd4 17. Kg1 Qf6 18. Nd5 Rxd5 19. Bxd5 Nc2
20. Qd2 Nxa1 21. Rxa1 Rd8 22. Bxf7+ Kxf7 23. Qxd8 Qxb2 24. Qd1 Be4 25. Qf1+
Ke8 26. Bh6 Bxg2 27. Qf8+ Kd7 28. Rd1+ Kc6 29. Qc8+ Kb5 30. Qd7+ Bc6 31.
Qd3+ Kb6 32. Be3+ Ka5 33. Bd2+ Kb6 34. Rb1 {Black resigns} 1-0

[Event "ICC tourney 2877 (40 10)"]
[Site "Internet Chess Club"]
[Date "2022.04.09"]
[Round "5"]
[White "LAIDO, MATTHEW:Dabao"]
[Black "WENG, JOHNSON:K01-30136161"]
[Result "1/2-1/2"]
[ICCResult "Game drawn by repetition"]
[WhiteElo "1095"]
[BlackElo "1105"]
[Opening "Owen defense"]
[ECO "B00"]
[NIC "VO.01"]
[Time "20:01:11"]
[PlyCount "90"]
[TimeControl "2400+10"]

1. e4 b6 2. d4 Bb7 3. Nc3 e6 4. g3 Bb4 5. Bd2 Bxc3 6. Bxc3 Bxe4 7. Nf3 Qf6
8. Bg2 Bb7 9. O-O Qe7 10. Re1 Nf6 11. Qd2 O-O 12. Rad1 d5 13. Bb4 c5 14. Ba3
Nbd7 15. Qe3 Rac8 16. c3 Rfd8 17. Ne5 Nxe5 18. Qxe5 Nd7 19. Qh5 Qf6 20. b3
cxd4 21. cxd4 Rc2 22. Re2 Rdc8 23. Rdd2 Rxd2 24. Rxd2 b5 25. Bb2 Nb6 26. Qe2
a6 27. Rc2 Rxc2 28. Qxc2 Qd8 29. Ba3 Qc8 30. Bc5 Nd7 31. b4 Nxc5 32. bxc5
Qc6 33. a3 g6 34. f4 f5 35. Qe2 Kg7 36. Qe5+ Kf7 37. Kf2 Qe8 38. h4 h5 39.
Qc7+ Qe7 40. Qe5 Qf6 41. Qd6 Qe7 42. Qe5 Qf6 43. Qc7+ Qe7 44. Qe5 Qf6 45.
Qc7+ Qe7 {Game drawn by repetition} 1/2-1/2

[Event "ICC tourney 2877 (40 10)"]
[Site "Internet Chess Club"]
[Date "2022.04.09"]
[Round "5"]
[White "QIAO, RICHARDSON JINGSI:Richardsonqiao"]
[Black "Lin, James:MeLikeGame"]
[Result "0-1"]
[ICCResult "White checkmated"]
[WhiteElo "572"]
[BlackElo "1374"]
[Opening "Giuoco Pianissimo: Italian four knights variation"]
[ECO "C55"]
[NIC "IG.01"]
[Time "20:01:03"]
[PlyCount "132"]
[TimeControl "2400+10"]

1. e4 e5 2. Nf3 Nc6 3. Bc4 Nf6 4. d3 Bc5 5. Nc3 h6 6. h3 O-O 7. O-O d6 8.
Be3 Bb6 9. Na4 Be6 10. Nxb6 axb6 11. Bb3 Ne7 12. Qd2 Ng6 13. Bxe6 fxe6 14.
a3 d5 15. exd5 exd5 16. d4 e4 17. Nh2 Qd7 18. f3 Rae8 19. Rac1 b5 20. b3 c6
21. c3 Nh4 22. Bf2 Nf5 23. Rfe1 Rf7 24. Re2 Qe7 25. Qb2 Qd6 26. Rce1 Qd7 27.
b4 Rfe7 28. Qc2 e3 29. Bxe3 Rxe3 30. Rxe3 Nxe3 31. Qd3 Nc4 32. Rxe8+ Qxe8
33. Qd1 Qe3+ 34. Kh1 Qxc3 35. Nf1 Qxa3 36. Qe1 Qd3 37. Qa1 Nh5 38. Qa8+ Kh7
39. Qa1 Qxf1+ 40. Qxf1 Ng3+ 41. Kg1 Nxf1 42. Kxf1 Kg6 43. Kf2 Kf5 44. Kg3 g5
45. h4 gxh4+ 46. Kxh4 Ne3 47. Kh5 Nxg2 48. Kxh6 Ne1 49. Kg7 Nxf3 50. Kf7
Nxd4 51. Ke7 Nc2 52. Kd6 Nxb4 53. Kc5 Ke4 54. Kxb4 Ke3 55. Kc3 d4+ 56. Kc2
Ke2 57. Kc1 d3 58. Kb2 d2 59. Kc3 d1=Q 60. Kb4 b6 61. Kc3 Qd3+ 62. Kb2 Kd2
63. Ka2 Qc3 64. Kb1 Qb4+ 65. Ka2 Kc2 66. Ka1 Qa3# {White checkmated} 0-1

[Event "ICC tourney 2877 (40 10)"]
[Site "Internet Chess Club"]
[Date "2022.04.09"]
[Round "5"]
[White "Kale, Shubham:shubham07"]
[Black "WU, DARREN:chessboy111"]
[Result "1-0"]
[ICCResult "Black checkmated"]
[WhiteElo "1411"]
[BlackElo "768"]
[Opening "English: Mikenas-Carls variation"]
[ECO "A18"]
[NIC "EO.57"]
[Time "20:01:00"]
[PlyCount "155"]
[TimeControl "2400+10"]

1. c4 e6 2. Nc3 Nf6 3. e4 d5 4. cxd5 exd5 5. exd5 Nxd5 6. Nf3 Nc6 7. Bc4
Nxc3 8. bxc3 Bc5 9. d4 Bb6 10. Qe2+ Qe7 11. Qxe7+ Nxe7 12. Ne5 O-O 13. Ba3
c5 14. O-O Be6 15. Bxe6 fxe6 16. Nd7 Rfd8 17. Nxc5 Bxc5 18. Bxc5 Nd5 19. c4
Nb6 20. Bxb6 axb6 21. Rfd1 Rac8 22. Rac1 Kf7 23. h3 Kf6 24. Kh2 Kf5 25. f3
Kf4 26. Kg1 Rd6 27. Kf2 Rdc6 28. Rb1 Rxc4 29. Rxb6 Rc2+ 30. Kg1 Rxa2 31. Kh2
Rcc2 32. Rg1 g5 33. Rxb7 h5 34. Rf7+ Ke3 35. Rg7 Ra5 36. Rg6 Rc6 37. Re1+
Kxd4 38. Re4+ Kd3 39. Rgxe6 Rxe6 40. Rxe6 Kd4 41. Re4+ Kd3 42. Kg3 h4+ 43.
Kg4 Rd5 44. g3 hxg3 45. Kxg3 Kc3 46. Kg4 Kd3 47. h4 gxh4 48. Kxh4 Rf5 49.
Kg4 Rf8 50. Re5 Kd4 51. f4 Rf7 52. Rg5 Ke4 53. f5 Ke5 54. Rg8 Kf6 55. Kf4
Ke7 56. Ke5 Rf8 57. Rxf8 Kxf8 58. Kf6 Ke8 59. Kg7 Ke7 60. f6+ Ke8 61. f7+
Kd7 62. f8=Q Ke6 63. Qf6+ Kd5 64. Qe7 Kd4 65. Qe6 Kd3 66. Qe5 Kd2 67. Qe4
Kd1 68. Qe3 Kc2 69. Qd4 Kc1 70. Qd3 Kb2 71. Qc4 Kb1 72. Qc3 Ka2 73. Qb4 Ka1
74. Kf6 Ka2 75. Ke5 Ka1 76. Kd4 Ka2 77. Kc3 Ka1 78. Qb2# {Black checkmated}
1-0

[Event "ICC tourney 2877 (40 10)"]
[Site "Internet Chess Club"]
[Date "2022.04.09"]
[Round "5"]
[White "KODARAPU, NEEV:onix007"]
[Black "HUANG, BRIAN:Checkmater2228"]
[Result "1-0"]
[ICCResult "Black checkmated"]
[WhiteElo "1155"]
[BlackElo "864"]
[Opening "Queen's pawn, Mason variation"]
[ECO "D00"]
[NIC "QP.08"]
[Time "20:01:00"]
[PlyCount "105"]
[TimeControl "2400+10"]

1. d4 d5 2. Bf4 Bf5 3. e3 e6 4. Nf3 Nf6 5. c4 c5 6. Nc3 cxd4 7. exd4 dxc4 8.
Bxc4 Bb4 9. Qa4+ Nc6 10. Ne5 a5 11. Nxc6 bxc6 12. Qxc6+ Kf8 13. Be5 Ne4 14.
Rc1 Rc8 15. Qb5 Qg5 16. O-O Bh3 17. g3 Qf5 18. Bd3 Bxf1 19. Bxe4 Qg4 20.
Rxf1 Bxc3 21. Bb7 Rd8 22. bxc3 h5 23. Bc7 h4 24. Bxd8 hxg3 25. fxg3 Qh3 26.
Bh4 g5 27. Qxg5 Rh7 28. Qg6 Rg7 29. Qf6 Kg8 30. Qd8+ Kh7 31. Qe8 Qxh4 32.
Rxf7 Qh6 33. Rxg7+ Qxg7 34. Be4+ Kh6 35. Qxe6+ Kh5 36. Qf5+ Kh6 37. Qf4+ Qg5
38. Qxg5+ Kxg5 39. d5 Kf6 40. h4 Ke5 41. h5 a4 42. h6 a3 43. h7 Kxe4 44.
h8=Q Kxd5 45. Qd4+ Ke6 46. c4 Ke7 47. c5 Ke8 48. c6 Ke7 49. c7 Ke8 50. c8=Q+
Kf7 51. Qe5 Kg6 52. Qcf5+ Kh6 53. Qef6# {Black checkmated} 1-0

[Event "ICC tourney 2877 (40 10)"]
[Site "Internet Chess Club"]
[Date "2022.04.09"]
[Round "5"]
[White "GOVILKAR, SIDDHARTHA:siddgovilkar"]
[Black "SOUTHERLAND, TRIPP:Nachooo"]
[Result "0-1"]
[ICCResult "White resigns"]
[WhiteElo "1083"]
[BlackElo "1212"]
[Opening "Grünfeld: 5.e3"]
[ECO "D94"]
[NIC "GI.09"]
[Time "20:01:03"]
[PlyCount "98"]
[TimeControl "2400+10"]

1. c4 Nf6 2. Nc3 g6 3. d4 Bg7 4. Nf3 d5 5. e3 O-O 6. Be2 c5 7. cxd5 Nxd5 8.
O-O cxd4 9. Nxd4 Nxc3 10. bxc3 a6 11. a4 Qc7 12. c4 Rd8 13. Bb2 e5 14. Bf3
exd4 15. exd4 Qxc4 16. Rc1 Qe6 17. Re1 Qd6 18. h3 Nc6 19. Qc2 Bf5 20. Qc4
Rac8 21. Bc3 Nxd4 22. Qb4 Nxf3+ 23. gxf3 Qxb4 24. Bxb4 Rxc1 25. Rxc1 Bxh3
26. Rc7 Rd7 27. Rc8+ Bf8 28. Rxf8+ Kg7 29. Kh2 Be6 30. Rb8 Kf6 31. a5 Kf5
32. Kg3 h5 33. f4 Bd5 34. Rc8 Bc6 35. Bc5 Rd3+ 36. f3 Rxf3+ 37. Kh2 Rxf4 38.
Rc7 Kg4 39. Bd6 Rf3 40. Re7 h4 41. Re1 Rf2+ 42. Kg1 Rg2+ 43. Kf1 h3 44. Re7
h2 45. Bxh2 Rxh2 46. Rxf7 Ra2 47. Rg7 g5 48. Re7 Rxa5 49. Re2 Bb5
{White resigns}
0-1